 Seeded DCSS version 0.29.0-13-gc9e81de378 (webtiles) character file.

Game seed: 2517352308829613273 (custom seed)

30 NinjaNoafa the Firebug (level 3, -1/26 HPs)
             Began as a Draconian Fire Elementalist on Sept 9, 2022.
             Slain by Sigmund
             ... wielding a +1 scythe of protection
              (3 damage)
             ... on level 2 of the Dungeon.
             The game lasted 00:02:03 (1559 turns).

NinjaNoafa the Firebug (DrFE)                       Turns: 1559, Time: 00:02:03

Health: -1/26      AC:  6    Str:  9 (10) XL:     3   Next: 3%
Magic:  3/6        EV: 12    Int: 16 (17) God:
Gold:   29         SH:  0    Dex:  9 (11) Spells: 5/6 levels left

rFire   + . .      SeeInvis .   m - staff of fire
rCold   . . .      Faith    .   (no shield)
rNeg    . . .      Spirit   .   (body armour unavailable)
rPois   .          Reflect  .   (helmet restricted)
rElec   .          Harm     .   (no cloak)
rCorr   .          Rampage  .   h - +0 pair of gloves
Will    .....                   (no boots)
Stlth   ++........              (no amulet)
HPRegen 0.08/turn               (no ring)
MPRegen 0.10/turn               (no ring)

@: on berserk cooldown, slowed, very slow
A: AC +5, unfitting armour, cold-blooded, screaming 1, wild magic 1
a: no special abilities


You were on level 2 of the Dungeon.
You visited 1 branch of the dungeon, and saw 2 of its levels.

You collected 29 gold pieces.

Inventory:

Missiles
 f - 28 stones
Armour
 h - a +0 pair of gloves (worn)
Magical Staves
 m - a staff of fire (weapon)
Scrolls
 d - a scroll of teleportation {unknown}
 g - 2 scrolls of identify {unknown}
 j - a scroll of vulnerability {unknown}
 k - a scroll of immolation {unknown}
Potions
 a - a potion of magic
 c - a potion of degeneration
 n - a potion of mutation


   Skills:
 - Level 1.7 Dodging
 - Level 1.7 Stealth
 + Level 2.4 Spellcasting
 + Level 1.8 Conjurations
 + Level 3.4 Fire Magic


You had 5 spell levels left.
You knew the following spells:

 Your Spells              Type           Power      Damage    Failure   Level
a - Foxfire               Conj/Fire      80%        2x1d8     11%         1

Your spell library contained the following spells:

 Spells                   Type           Power      Damage    Failure   Level
 Scorch                   Fire           50%        2d8       11%         2
 Conjure Flame            Conj/Fire      20%        6-21      28%         3
 Inner Flame              Hex/Fire       14%        N/A       36%         3
 Flame Wave               Conj/Fire      20%        2d7       63%         4


Dungeon Overview and Level Annotations

Branches:
Dungeon (2/15)

Altars:

Annotations:
D:2 1 runed translucent door, Crazy Yiuf, Sigmund


Innate Abilities, Weirdness & Mutations

Your plain brown scales are hard. (AC +5)
You cannot fit into any form of body armour.
You are cold-blooded and may be slowed by cold attacks.
You occasionally shout uncontrollably at your foes.
Your spells are a little harder to cast, but a little more powerful.


Message History

You feel yourself slow down.
Sigmund hits you with a +1 scythe of protection.
You closely miss Sigmund.
Sigmund is heavily wounded.
Sigmund hits you with a +1 scythe of protection.
It was a potion of mutation.
You feel extremely strange.
You feel the urge to shout.
You feel less in control of your magic. Sigmund gestures at you while chanting.
The puff of flame hits you. You resist.
You closely miss Sigmund.
Your tail-slap misses Sigmund.
Sigmund is heavily wounded.
Sigmund barely misses you.
You hit Sigmund.
Your tail-slap misses Sigmund.
Sigmund is heavily wounded.
Sigmund hits you but does no damage. Sigmund closely misses you.
Casting: Foxfire (safe; 11% risk of failure)
Confirm with . or Enter, or press ? or * to list all spells.
You feel a surge of power!
You conjure some foxfire!
Sigmund hits you but does no damage.
Your foxfire dissipates!
The foxfire hits Sigmund.
Sigmund is severely wounded.
Sigmund casts a spell.
Sigmund flickers and vanishes!
Deactivating autopickup; reactivate with Ctrl-A.
Casting: Foxfire (safe; 11% risk of failure)
Confirm with . or Enter, or press ? or * to list all spells.
You feel a surge of power!
You conjure some foxfire!
Something hits you!
* * * LOW HITPOINT WARNING * * *
The foxfire hits something but does no damage.
The foxfire hits something!
Okay, then.
As you read the scroll labelled ETASESM QEEXULLIH, it crumbles to dust.
It is a scroll of amnesia.
Really abort (and waste the scroll)?
Okay, then.
The adder bites you.
* * * LOW HITPOINT WARNING * * *
The adder closely misses you. Something hits you.
You die...

##...# ......# ...?... ####
.=.....##### .....
...........# .....
......####.### ...... ##...
#...####...... ###
###..ยงยง.......
######S@.......
########...........#..
................#.....
.......#....####.......
............# #.#..#....
.......#....###..#.......
.......#....#...#.......###
########......###.......#..
###............#....


You could see an adder.

Vanquished Creatures
  A gnoll (D:1)
  2 dart slugs
  An endoplasm (D:1)
  4 goblins (D:1)
  2 hobgoblins (D:1)
  A quokka (D:1)
  A frilled lizard (D:2)
  2 kobolds
  2 rats (D:2)
16 creatures vanquished.

Vanquished Creatures (others)
  68 foxfires
68 creatures vanquished.

Grand Total: 84 creatures vanquished

Notes
Turn   | Place    | Note
-------+----------+-------------------------------------------
     0 | D:1      | NinjaNoafa the Draconian Fire Elementalist began the quest
                  | for the Orb.
     0 | D:1      | Reached XP level 1. HP: 14/14 MP: 3/3
   296 | D:1      | Reached XP level 2. HP: 20/20 MP: 0/5
   626 | D:1      | Found a faded altar of an unknown god.
  1334 | D:2      | Reached XP level 3. HP: 26/26 MP: 4/6
  1454 | D:2      | Found a runed translucent door.
  1455 | D:2      | Noticed Crazy Yiuf
  1528 | D:2      | Noticed Sigmund
  1551 | D:2      | Gained mutation: You occasionally shout uncontrollably at
                  | your foes. [potion of mutation]
  1551 | D:2      | Gained mutation: Your spells are a little harder to cast,
                  | but a little more powerful. [potion of mutation]
  1559 | D:2      | Slain by Sigmund

Illustrated notes

Levels and vault maps discovered:
D:1:      minmay_arrival_hallway, layout_basic,
          shapermc_ecumenical_altar_notcrosses, dk_noncrumbling_3
D:2:      layout_rooms, uniq_crazy_yiuf_cottage, uniq_sigmund

Action                   || total
-------------------------++-------
Melee: Staff             ||     4
 Cast: Foxfire           ||    41
  Use: Potion            ||     5
       Scroll            ||     1
Armor: Skin              ||     5
Dodge: Dodged            ||     6
